 Dungeon Crawl Stone Soup version 0.27-a0-1105-g946c659c87 (webtiles) character file.

Game seed: 6353764348284482462

14205 dickylongcocking the Transmogrifier (level 12, -6/96 (101) HPs)
             Began as an Octopode Transmuter on Apr 30, 2021.
             Was a Priest of Hepliaklqana.
             Killed from afar by an acid dragon (9 damage)
             ... with a splash of acid
             ... on level 11 of the Dungeon.
             The game lasted 00:15:07 (12117 turns).

dickylongcocking the Transmogrifier (OpTm)         Turns: 12117, Time: 00:15:08

HP:   -6/96 (101)   AC:  8    Str:  8 (10) XL:     12   Next: 14%
MP:   13/17         EV:  8    Int: 24 (25) God:    Hepliaklqana [***...]
Gold: 138           SH:  0    Dex: 12 (13) Spells: 6/18 levels left

rFire    . . .     SeeInvis .     - Unarmed
rCold    . . .     Faith    .   (shield currently unavailable)
rNeg     + . .     Spirit   .   (helmet currently unavailable)
rPois    +         Reflect  .   g - amulet of regeneration
rElec    .         Harm     .   e - ring of positive energy
rCorr    .         Rampage  .   o - +6 ring of intelligence
Will     .....                  (no ring)
Stlth    +.........             (no ring)
HPRegen  1.26/turn              (no ring)
MPRegen  0.15/turn              (no ring)
                                (no ring)
                                (no ring)

@: hydra-form, drained
A: fast swimmer, devour, boosted hp, reduced essence, almost no armour,
amphibious, 8 rings, very large, (camouflage 1), (gelatinous body 1), (nimble
swimmer 1), (tentacles)
a: End Transformation, Renounce Religion, Recall Ancestor, Ancestor Identity,
Transference


You were on level 11 of the Dungeon.
You worshipped Hepliaklqana.
Hepliaklqana was most pleased with you.
You were a five-headed hydra.
You visited 2 branches of the dungeon, and saw 12 of its levels.
You also visited: Ossuary.

You collected 743 gold pieces.
You spent 605 gold pieces at shops.

Inventory:

Missiles
 E - 2 throwing nets
Armour
 m - a +0 buckler
Jewellery
 e - a ring of positive energy (left foreclaw)
 g - an amulet of regeneration (around neck)
 o - a +6 ring of intelligence (right foreclaw)
Wands
 r - a wand of flame (37)
 s - a wand of polymorph (11)
 x - a wand of paralysis (9)
 B - a wand of iceblast (5)
Scrolls
 a - a scroll of silence {unknown}
 c - a scroll of identify
 d - 3 scrolls of amnesia
 f - 2 scrolls of enchant armour
 p - 3 scrolls of noise
 q - a scroll of brand weapon {unknown}
 t - 2 scrolls of enchant weapon
 u - a scroll of blinking {unknown}
 w - 3 scrolls of immolation
 y - 3 scrolls of vulnerability
 A - a scroll of holy word
 D - a scroll of magic mapping
Potions
 b - a potion of flight {unknown}
 h - a potion of attraction
 j - 4 potions of brilliance
 k - a potion of might {unknown}
 l - 2 potions of haste {unknown}
 n - 5 potions of curing
 z - 3 potions of cancellation {unknown}
 C - a potion of resistance {unknown}
 F - a potion of mutation
 G - 3 potions of lignification {unknown}


   Skills:
 - Level 10.2 Fighting
 - Level 2.0 Dodging
 - Level 8.8 Unarmed Combat
 + Level 3.7 Spellcasting
 + Level 11.4 Transmutations
 * Level 4.0 Earth Magic
 - Level 7.4 Invocations


You had 6 spell levels left.
You knew the following spells:

 Your Spells              Type           Power      Damage    Failure   Level
a - Beastly Appendage     Tmut           100%       N/A       1%          1
b - Statue Form           Tmut/Erth      27%        N/A       54%         6
z - Hydra Form            Tmut           28%        N/A       2%          5

Your spell library contained the following spells:

 Spells                   Type           Power      Damage    Failure   Level
 Sandblast                Erth           46%        2d11      1%          1
 Passwall                 Tmut/Erth      34%        N/A       1%          2
 Wereblood                Tmut           56%        N/A       1%          2
 Spider Form              Tmut/Pois      15%        N/A       3%          3
 Petrify                  Tmut/Erth      41%        N/A       4%          4
 Summon Small Mammal      Summ           16%        N/A       10%         1
 Ice Form                 Ice/Tmut       31%        N/A       10%         4
 Stone Arrow              Conj/Erth      28%        3d8       13%         3
 Blade Hands              Tmut           28%        N/A       14%         6
 Call Imp                 Summ           4%         N/A       16%         2
 Irradiate                Conj/Tmut      15%        3d18      26%         5
 Yara's Violent Unravell  Hex/Tmut       15%        3d8       26%         5
 Call Canine Familiar     Summ           4%         N/A       30%         3
 Confusing Touch          Hex            4%         N/A       30%         3
 Gell's Gravitas          Tloc           2%         N/A       30%         3
 Summon Guardian Golem    Hex/Summ       4%         N/A       30%         3
 Lee's Rapid Deconstruct  Erth           11%        3d9*      47%         5
 Summon Ice Beast         Ice/Summ       4%         N/A       69%         4
 Summon Lightning Spire   Summ/Air       4%         N/A       69%         4
 Metabolic Englaciation   Hex/Ice        2%         N/A       95%         5
 Dragon Form              Tmut           28%        N/A       61%         7


Dungeon Overview and Level Annotations

Branches:
Dungeon (11/15)            Temple (1/1) D:5             Orc (0/2) D:11
Ossuary (visited)
   Lair: D:8-11

Altars:
Ashenzari
Cheibriados
Dithmenos
Elyvilon
Fedhas
Gozag
Hepliaklqana
Kikubaaqudgha
Makhleb
Nemelex Xobeh
Okawaru
Qazlal
Ru
Sif Muna
Trog
Uskayaw
Vehumet
Wu Jian
Xom
Yredelemnul
Zin
The Shining One

Shops:
D:1 [   D:9 *

Annotations:
D:10 2 transporters, kd29's ghost, novice DrFE


Innate Abilities, Weirdness & Mutations

You are a five-headed hydra.
You swim very quickly.
You can devour living enemies to heal.
Your maximum health is greatly increased.
Your armour is entirely melded.
You are incapable of wielding weapons or throwing items.
Your life essence is reduced to manifest your ancestor. (-10% HP)
You cannot wear most types of armour.
You are amphibious.
You can wear up to eight rings at the same time.
((Your skin changes colour to match your surroundings (Stealth+).))
((Your rubbery body absorbs attacks. (AC +1, EV +1)))
((You are camouflaged near water. (Stealth+)))
((You have tentacles for arms and can constrict up to eight enemies at once.))


Message History

You gouge the hell rat!!
You devour the hell rat!
You feel better.
You kill the hell rat!
Your Earth Magic skill increases to level 4!
You swap places.
Libusa gestures at the skeletal warrior while chanting.
The stone arrow hits the skeletal warrior.
The skeletal warrior hits you with a +0 flail!!
You nip at the skeletal warrior but do no damage.
The skeletal warrior is lightly damaged.
Libusa casts a spell at the skeletal warrior.
The stone arrow hits the skeletal warrior!
The skeletal warrior hits you with a +0 flail!!
You bite the skeletal warrior!
The skeletal warrior is moderately damaged.
An acid dragon comes into view.
Libusa hits the skeletal warrior with a +0 quarterstaff.
You barely miss the skeletal warrior.
The skeletal warrior is moderately damaged.
The acid dragon roars!
You hear a bellow!
The skeletal warrior hits you with a +0 flail.
Libusa gestures at the skeletal warrior while chanting.
The stone arrow misses the skeletal warrior.
You nip at the skeletal warrior.
The skeletal warrior is heavily damaged.
The skeletal warrior hits you with a +0 flail!!
You nip at the skeletal warrior but do no damage.
The skeletal warrior is heavily damaged.
Libusa hits the skeletal warrior with a +0 quarterstaff!
The skeletal warrior hits you with a +0 flail!!
* * * LOW HITPOINT WARNING * * *
Unknown command.
Unknown command.
Okay, then.
Okay, then.
Unknown command.
Libusa points at the skeletal warrior and mumbles some strange words.
The stone arrow misses the skeletal warrior.
The acid dragon spits acid at you. The splash of acid hits you!
You die...

#(.. .........
#############.#################.#
.............>..............# #.#
#############.......#######.###.#
.# #................# #..##.# .#
#^#####.)........# ##.##.#
.###.##..†......##### #..#.#
.....##)##........# ##.#.#
.###.....#....RzD.# #.#.# .#
#.#########....# ######.#R# ##
#.............................
##..#######........####......#
#..# #........# #...#..# #..####
#.D......# #...#... #.....#
#........# #####..# ##.##.#
>...?....# ...# #.##.# ..##+#.###
#..>#


You could see the friendly Libusa the battlemage, a skeletal warrior (ally
target) and an acid dragon (catching breath).

Vanquished Creatures
  An ogre mage (D:10)
  A mana viper (shapeshifter) (D:10)
  Prince Ribbit (D:7)
  A hornet (D:10)
  A troll (D:10)
  Grinder (D:4)
  A vampire (D:10)
  2 shadows
  Eustachio (D:6)
  A wyvern (D:9)
  2 sky beasts
  6 yaks
  A steam dragon (D:10)
  Menkaure (Ossuary)
  An acid dragon (D:11)
  Duvessa (D:4)
  4 orc warriors
  A necrophage (D:7)
  2 ogres
  8 centaurs
  A kobold brigand (D:7)
  Blork the orc (D:4)
  3 bullfrogs (D:6)
  A gnoll sergeant (D:9)
  Dowan (D:4)
  A water moccasin zombie (D:6)
  3 scorpions
  5 killer bees
  2 howler monkeys
  A bullfrog zombie (D:5)
  2 centaur zombies
  5 orc priests
  A hound (D:4)
  A bullfrog skeleton (D:6)
  7 orc wizards
  3 hell rats (D:11)
  2 mummies (Ossuary)
  Robin (D:4)
  8 gnolls
  A river rat (D:11)
  2 adders
  A shadow imp (D:5)
  2 white imps
  An ufetubus (D:4)
  2 worms
  26 orcs
  6 ball pythons
  An endoplasm (D:3)
  6 gnoll zombies (Ossuary)
  9 goblins
  10 hobgoblins
  4 jackals (D:1)
  10 kobolds
  5 quokkas
  4 bats
  4 frilled lizards
  4 gnoll skeletons (Ossuary)
  3 goblin skeletons (Ossuary)
  4 goblin zombies (Ossuary)
  3 hobgoblin skeletons (Ossuary)
  4 hobgoblin zombies (Ossuary)
  2 kobold skeletons (Ossuary)
  2 kobold zombies (Ossuary)
  5 orc skeletons (Ossuary)
  2 orc zombies (Ossuary)
  3 rats
  A rat skeleton (Ossuary)
  5 rat zombies (Ossuary)
219 creatures vanquished.

Vanquished Creatures (collateral kills)
  Harold (D:9)
  A two-headed ogre (D:9)
  2 deep elf pyromancers
  A centaur zombie (D:10)
  A troll (D:10)
  A hornet (D:10)
  A vampire (D:10)
  2 wyverns
  A shadow (D:10)
  6 yaks
  2 steam dragons
  The ghost of freelancePsychic the Magician, an amateur DjFE of Makhleb (D:4)
  2 orc warriors (D:9)
  A black bear (D:5)
  2 ice beasts
  2 ogres
  A sky beast (D:7)
  A centaur (D:7)
  A gnoll sergeant (D:9)
  A scorpion (D:6)
  A killer bee (D:10)
  2 howler monkeys
  A hound (D:5)
  A bullfrog skeleton (D:6)
  3 gnoll shamans
  An orc priest (D:7)
  2 hell rats (D:11)
  7 orc wizards
  A mummy (Ossuary)
  3 gnolls
  A howler monkey skeleton (D:6)
  A shadow imp (D:6)
  A white imp (D:8)
  A worm (D:4)
  11 orcs
  An endoplasm (D:3)
  A gnoll zombie (Ossuary)
  4 goblins (D:4)
  5 hobgoblins
  A quokka (D:11)
  A hobgoblin skeleton (Ossuary)
  2 kobolds
  3 kobold skeletons (Ossuary)
  An orc skeleton (Ossuary)
87 creatures vanquished.

Vanquished Creatures (others)
  A two-headed ogre (D:10)
  An ancestor (D:5)
  8 battlemagi
  A hobgoblin skeleton (Ossuary)
  A rat skeleton (Ossuary)
  A rat zombie (Ossuary)
  8 plants (D:10)
21 creatures vanquished.

Grand Total: 327 creatures vanquished

Notes
Turn   | Place    | Note
-------+----------+-------------------------------------------
     0 | D:1      | dickylongcocking the Octopode Transmuter began the quest
                  | for the Orb.
     0 | D:1      | Reached XP level 1. HP: 13/13 MP: 3/3
   282 | D:1      | Reached XP level 2. HP: 10/18 MP: 1/5
   434 | D:1      | Found Visunap's Armour Emporium.
   974 | D:1      | Reached XP level 3. HP: 23/23 MP: 6/6
  1459 | D:2      | Found a faded altar of an unknown god.
  1752 | D:2      | Found a hazy altar of Hepliaklqana.
  1762 | D:2      | Became a worshipper of Hepliaklqana the Forgotten
  2031 | D:3      | Reached XP level 4. HP: 25/25 MP: 7/7
  2124 | D:3      | You fall into a shaft and drop 3 floors!
  2149 | D:6      | Noticed a bullfrog
  2159 | D:6      | Killed a bullfrog
  2160 | D:6      | Reached skill level 5 in Unarmed Combat
  2160 | D:6      | Reached XP level 5. HP: 27/31 MP: 8/8
  2173 | D:6      | Noticed Eustachio
  2180 | D:6      | Reached XP level 6. HP: 34/37 MP: 9/9
  2187 | D:6      | Killed Eustachio
  2291 | D:6      | Reached XP level 7. HP: 42/44 MP: 10/10
  2306 | D:6      | Found an iron altar of Okawaru.
  2307 | D:6      | Found a stormy altar of Qazlal.
  2308 | D:6      | Found a shadowy altar of Dithmenos.
  2332 | D:6      | Found a basalt altar of Yredelemnul.
  2460 | D:5      | Entered Level 5 of the Dungeon
  2559 | D:4      | Noticed Robin
  2612 | D:6      | Reached * piety under Hepliaklqana
  2663 | D:5      | Reached skill level 5 in Fighting
  2682 | D:5      | Killed a sky beast
  2683 | D:5      | Reached XP level 8. HP: 43/51 MP: 11/11
  2730 | D:5      | Found a staircase to the Ecumenical Temple.
  3628 | D:4      | Found a runed translucent gate.
  3629 | D:4      | Found a runed translucent gate.
  3631 | D:4      | Found a runed translucent gate.
  3632 | D:4      | Noticed freelancePsychic's ghost (amateur DjFE)
  3678 | D:4      | Killed Robin
  3983 | D:4      | Reached ** piety under Hepliaklqana
  3995 | D:4      | Noticed Dowan
  3996 | D:4      | Noticed Duvessa
  4000 | D:4      | Remembered your ancestor Libusa as a battlemage
  4005 | D:4      | Killed Duvessa
  4012 | D:4      | Noticed Blork the orc
  4014 | D:4      | Killed Dowan
  4024 | D:4      | Killed Blork the orc
  4084 | D:4      | Noticed Grinder
  4092 | D:4      | Killed Grinder
  4738 | D:4      | Killed freelancePsychic's ghost
  4739 | D:4      | Reached XP level 9. HP: 56/57 MP: 12/12
  4745 | D:4      | Learned a level 5 spell: Hydra Form
  4811 | D:5      | Reached skill level 3 in Transmutations
  4906 | D:5      | Reached skill level 4 in Transmutations
  5538 | D:6      | Reached skill level 5 in Transmutations
  6394 | D:7      | Noticed Prince Ribbit
  6532 | Temple   | Entered the Ecumenical Temple
  6748 | D:7      | Reached *** piety under Hepliaklqana
  6897 | D:7      | Reached skill level 6 in Transmutations
  7019 | D:7      | Reached skill level 7 in Transmutations
  7062 | D:7      | Killed Prince Ribbit
  7063 | D:7      | Reached XP level 10. HP: 52/65 MP: 13/13
  7523 | D:8      | Found a sand-covered staircase.
  7532 | Ossuary  | Entered an ossuary
  7851 | Ossuary  | Noticed Menkaure
  7860 | Ossuary  | Killed Menkaure
  7993 | D:8      | Reached skill level 8 in Transmutations
  8093 | D:8      | Reached skill level 1 in Invocations
  8098 | D:8      | Reached skill level 9 in Transmutations
  8482 | D:9      | Reached **** piety under Hepliaklqana
  8882 | D:9      | Noticed Harold
  8890 | D:9      | Killed Harold
  8891 | D:9      | Reached XP level 11. HP: 39/72 MP: 8/14
  8934 | D:9      | Reached skill level 5 in Invocations
  9034 | D:9      | Noticed a two-headed ogre
  9041 | D:9      | Killed a two-headed ogre
  9042 | D:9      | Reached skill level 10 in Transmutations
  9118 | D:9      | Found Wibu's Changing Room.
  9808 | D:9      | Found a sacrificial altar of Ru.
  9808 | D:9      | Found a snail-covered altar of Cheibriados.
 10040 | D:10     | Entered Level 10 of the Dungeon
 10149 | D:10     | Noticed a two-headed ogre
 10156 | D:10     | Killed a two-headed ogre
 10157 | D:10     | Reached skill level 10 in Fighting
 10294 | D:10     | Noticed an ogre mage
 10297 | D:10     | Paralysed by an ogre mage for 6 turns
 10304 | D:10     | Killed an ogre mage
 10340 | D:10     | Noticed a fire crab
 10341 | D:10     | Noticed a deep elf pyromancer
 10341 | D:10     | Noticed a moth of wrath
 10341 | D:10     | a fire crab changed into a moth of wrath
 10439 | D:10     | Found a transporter.
 10445 | D:10     | Found a bloodstained altar of Trog.
 10569 | D:10     | Found a transporter.
 10569 | D:10     | Noticed a two-headed ogre
 10574 | D:10     | Noticed kd29's ghost (novice DrFE)
 10575 | D:10     | Noticed a moth of wrath
 10577 | D:10     | Noticed a cyclops
 10600 | D:10     | Noticed a two-headed ogre
 10832 | D:9      | Bought a book of Transfigurations for 605 gold pieces
 10839 | D:9      | Learned a level 6 spell: Statue Form
 10976 | D:10     | Noticed an emperor scorpion
 10979 | D:10     | Noticed a catoblepas
 10979 | D:10     | an emperor scorpion changed into a catoblepas
 10984 | D:10     | Noticed a dire elephant
 11011 | D:10     | Noticed a mana viper
 11018 | D:10     | Killed a mana viper
 11019 | D:10     | Reached skill level 11 in Transmutations
 11019 | D:10     | Reached skill level 1 in Earth Magic
 11191 | D:10     | Noticed a fire giant
 11195 | D:10     | Noticed a quicksilver dragon
 11195 | D:10     | a fire giant changed into a quicksilver dragon
 11197 | D:10     | Noticed a stone giant
 11197 | D:10     | a quicksilver dragon changed into a stone giant
 11198 | D:10     | Noticed an eleionoma
 11198 | D:10     | a stone giant changed into an eleionoma
 11199 | D:10     | Noticed a shadow dragon
 11199 | D:10     | an eleionoma changed into a shadow dragon
 11200 | D:10     | Noticed a frost giant
 11200 | D:10     | a shadow dragon changed into a frost giant
 11203 | D:10     | Noticed a sphinx
 11203 | D:10     | a frost giant changed into a sphinx
 11208 | D:10     | Noticed an iron troll
 11208 | D:10     | a sphinx changed into an iron troll
 11211 | D:10     | Noticed an azure jelly
 11211 | D:10     | an iron troll changed into an azure jelly
 11353 | D:10     | Killed a deep elf pyromancer
 11854 | D:11     | Noticed a deep elf pyromancer
 11858 | D:11     | Killed a deep elf pyromancer
 11859 | D:11     | Reached XP level 12. HP: 78/78 MP: 11/17
 12020 | D:11     | Noticed a death yak
 12022 | D:11     | Noticed a death yak
 12026 | D:11     | Noticed a death knight
 12030 | D:11     | Noticed a death yak
 12109 | D:11     | Found a staircase to the Orcish Mines.
 12116 | D:11     | HP: 2/96 [skeletal warrior/+0 flail[a death knight] (31)]
 12117 | D:11     | Killed from afar by an acid dragon

Illustrated notes

Levels and vault maps discovered:
D:1:      evilmike_arrival_crescent, layout_basic, serial_shops, shop
D:2:      layout_rooms, basic_altar, ebering_ecumenical_altar_sacrificial
D:3:      layout_loops_ring, kennysheep_generic_room_15
D:4:      layout_layer_cave, ebering_ghost_rock_garden, uniq_blork_the_orc,
          uniq_duvessa, uniq_grinder, uniq_robin
D:5:      layout_basic, minmay_temple_entry_statues_fountains
D:6:      minmay_flawed_box, layout_layer_cave, grunt_temple_overflow_open,
          serial_glass, glass_columns_b, glass_columns_a, uniq_eustachio
D:7:      layout_loops_ring, hangedman_abyss_or_decor_stabs, uniq_prince_ribbit1
D:8:      layout_basic, chequers_ossuary_entry_cave
D:9:      layout_layer_cave, gammafunk_temple_overflow_elements,
          nicolae_transmutations_shop, hex_large, nrook_uturn,
          bh_walls_and_bars, uniq_harold
D:10:     nzn_winding_woodlands_small [nzn_winding_woodlands_5x15_pool,
          nzn_winding_woodlands_center_garden,
          nzn_winding_woodlands_5x15_jagged], layout_basic,
          gammafunk_ghost_wrathful_warriors
D:11:     layout_basic, dpeg_lair_monsters, orc_0_dummy
Temple:   nicolae_temple_elliptical

Skill      XL: |  1  2  3  4  5  6  7  8  9 10 11 12 |
---------------+-------------------------------------+-----
Unarmed Combat | 4 5 6 7 8 |  8.8
Fighting       | 2 3 4 5 7 8 9 10 | 10.2
Transmutations | 7 9 11 | 11.4
Invocations    | 4 7 |  7.4
Earth Magic    | 3 4 |  4.0
Spellcasting   | 3 |  3.7
Dodging        | |  2.0

Action                   |  1- 3 |  4- 6 |  7- 9 | 10-12 || total
-------------------------+-------+-------+-------+-------++-------
Melee: Unarmed           |    99 |    21 |   189 |   282 ||   591
       Constrict         |    28 |     6 |    46 |     5 ||    85
       Tentacles         |    15 |     3 |    36 |     5 ||    59
       Punch             |     2 |     1 |     7 |     4 ||    14
       Kick              |       |       |     1 |       ||     1
 Cast: Beastly Appendage |     3 |       |     1 |     4 ||     8
       Hydra Form        |       |       |       |    38 ||    38
Invok: Recall Ancestor   |       |     1 |     3 |       ||     4
       Ancestor Life: Ba |       |       |     1 |       ||     1
       Idealise          |       |       |       |     4 ||     4
Evoke: Wand              |       |     4 |    13 |     4 ||    21
  Use: Scroll            |       |       |     4 |    14 ||    18
       Potion            |       |       |     1 |     7 ||     8
 Stab: Sleeping          |    11 |     1 |     5 |       ||    17
       Paralysed         |       |       |     5 |       ||     5
       Distracted        |       |       |       |     4 ||     4
       Petrified         |       |       |       |     1 ||     1
Armor: Skin              |     7 |       |     8 |   102 ||   117
Dodge: Dodged            |    78 |    18 |   107 |   133 ||   336

Table legend: (Time is in decaauts)
 A = Elapsed time spent in this place.
 B = Non-inter-level travel time spent in this place.
 C = Inter-level travel time spent in this place.
 D = Time resting spent in this place.
 E = Time spent auto-exploring this place.
 F = Levels seen in this place.
 G = Mean time per level.
                   A        B        C        D        E       F      G
               +--------+--------+--------+--------+--------+-----+--------+
         Total |  12036 |  11518 |    518 |    723 |   8904 |  13 |  925.8 |
       Dungeon |  11447 |  10957 |    490 |    723 |   8553 |  11 | 1040.6 |
        Temple |    167 |    139 |     28 |      0 |    138 |   1 |  167.0 |
       Ossuary |    421 |    421 |      0 |      0 |    213 |   1 |  421.0 |
               +--------+--------+--------+--------+--------+-----+--------+

Top non-repeatable levels by time:
     D:9: 1757 daAuts
     D:6: 1607 daAuts
     D:1: 1438 daAuts
    D:10: 1392 daAuts
     D:4: 1293 daAuts
     D:5: 853 daAuts
     D:7: 838 daAuts
     D:3: 741 daAuts
     D:8: 586 daAuts
     D:2: 482 daAuts
    D:11: 456 daAuts
 Ossuary: 421 daAuts
  Temple: 167 daAuts
